 Dungeon Crawl Stone Soup version 0.29-a0-330-g52719c12eb (webtiles) character file.

Game seed: 6999092510857863235

10276 JohnPeeve the Severer (level 11, -2/106 HPs)
             Began as a Hill Orc Fighter on Apr 28, 2022.
             Was a Priest of Kikubaaqudgha.
             Slain by a cane toad (8 damage)
             ... on level 2 of the Lair of Beasts.
             The game lasted 01:07:43 (13351 turns).

JohnPeeve the Severer (Hill Orc Fighter)           Turns: 13351, Time: 01:07:43

Health: -2/106     AC: 26    Str: 36    XL:     11   Next: 59%
Magic:  11/11      EV:  9    Int:  8    God:    Kikubaaqudgha [***...]
Gold:   471        SH:  5    Dex: 10    Spells: 10/10 levels left

rFire   . . .      SeeInvis .   a - +3 war axe (drain)
rCold   x . .      Faith    .   c - +0 buckler
rNeg    . . .      Spirit   .   J - +10 chain mail "Funuikh" {Rampage}
rPois   .          Reflect  .   E - +2 helmet
rElec   .          Harm     .   (no cloak)
rCorr   +          Rampage  +   B - +0 pair of gloves
Will    +....                   (no boots)
Stlth   ..........              (no amulet)
HPRegen 0.27/turn               e - +6 ring of strength
MPRegen 0.12/turn               k - ring "Etasar" {rC- Will+ rCorr Str+6 Slay+2}

@: no status effects
A: robust 1
a: Renounce Religion, Receive Corpses


You were on level 2 of the Lair of Beasts.
You worshipped Kikubaaqudgha.
Kikubaaqudgha was most pleased with you.
You visited 2 branches of the dungeon, and saw 13 of its levels.

You collected 471 gold pieces.

Inventory:

Hand Weapons
 a - a +3 war axe of draining (weapon)
 h - a +1 short sword of draining
 j - a +2 mace of holy wrath
 n - a +0 dagger of venom
 p - a +1 hand axe of venom
 x - a +4 short sword
 L - a +4 vorpal great sword
 M - a +1 demon trident of pain
 T - a +0 short sword
 U - a +4 dagger
Missiles
 f - 214 stones
 z - 11 large rocks
 Q - 18 poisoned darts
 X - 3 boomerangs of dispersal
Armour
 c - a +0 buckler (worn)
 v - a +2 chain mail of cold resistance
 B - a +0 pair of gloves (worn)
 D - the +5 robe of Misfortune {Harm *Corrode *Slow EV+5}
   (You found it on level 8 of the Dungeon)

   EV:        It affects your evasion (+5).
   *Corrode:  It may corrode you when you take damage.
   *Slow:     It may slow you when you take damage.
   Harm:      It increases damage dealt and taken.
 E - a +2 helmet (worn)
 I - a +0 scale mail
 J - the +10 chain mail "Funuikh" (worn) {Rampage}
   (You found it on level 3 of the Dungeon)

   Rampage:   It bestows one free step when moving towards enemies.
Magical Staves
 G - a staff of death
 W - a staff of earth
 Y - a staff of conjuration
Jewellery
 e - a +6 ring of strength (left hand)
 k - the ring "Etasar" (right hand) {rC- Will+ rCorr Str+6 Slay+2}
   (You found it on level 6 of the Dungeon)

   [ring of strength]

   Str:       It affects your strength (+6).
   Slay:      It affects your accuracy & damage with ranged weapons and melee
   (+2).
   rC:        It makes you vulnerable to cold.
   rCorr:     It protects you from acid and corrosion.
   Will:      It increases your willpower.
 m - a +6 ring of strength
 q - a +4 ring of evasion
 A - a ring of ice
 K - a +6 ring of dexterity
 N - a ring of protection from fire
Wands
 o - a wand of iceblast (7)
 w - a wand of digging (9)
 H - a wand of mindburst (16)
 V - a wand of flame (20)
 Z - a wand of polymorph (8) (quivered)
Scrolls
 d - a scroll of fog
 g - a scroll of amnesia
 l - 3 scrolls of identify
 s - a scroll of enchant weapon
 F - a scroll of immolation
 R - 3 scrolls of vulnerability
 S - a scroll of blinking
Potions
 r - 5 potions of curing
 u - a potion of mutation
 C - a potion of lignification
 P - a potion of brilliance
Miscellaneous
 b - a phial of floods
 i - a box of beasts (inert)


   Skills:
 + Level 9.6 Fighting
 + Level 15.6 Axes
 + Level 0.2 Throwing
 + Level 10.4 Armour
 + Level 2.1 Dodging
 + Level 2.7 Stealth
 + Level 5.9 Shields
 + Level 1.1 Necromancy


You had 10 spell levels left.
You didn't know any spells.
Your spell library contained the following spells:

 Spells                   Type           Power      Damage    Failure   Level
 Animate Skeleton         Necr           2%         N/A       75%         1
 Sublimation of Blood     Necr           1%         N/A       86%         2
 Foxfire                  Conj/Fire      0%         2x1d4     87%         1
 Freeze                   Ice            0%         1d3       87%         1
 Corpse Rot               Necr/Air       0%         N/A       91%         2
 Ensorcelled Hibernation  Hex/Ice        0%         N/A       95%         2
 Wereblood                Tmut           0%         N/A       95%         2
 Vampiric Draining        Necr           1%         2d6       98%         3
 Conjure Flame            Conj/Fire      0%         6-21      99%         3
 Frozen Ramparts          Ice            0%         1d2       99%         3
 Inner Flame              Hex/Fire       0%         N/A       99%         3
 Spider Form              Tmut/Pois      0%         N/A       99%         3
 Anguish                  Hex/Necr       0%         N/A       100%        4
 Animate Dead             Necr           0%         N/A       100%        4
 Dispel Undead            Necr           1%         3d6       100%        4
 Flame Wave               Conj/Fire      0%         2d4       100%        4
 Hailstorm                Conj/Ice       0%         3d3       100%        4
 Excruciating Wounds      Necr           0%         N/A       100%        5
 Yara's Violent Unravell  Hex/Tmut       0%         3d3       100%        5
 Death Channel            Necr           0%         N/A       100%        6
 Eringya's Noxious Bog    Tmut/Pois      0%         N/A       100%        6
 Simulacrum               Ice/Necr       0%         N/A       100%        6
 Summon Hydra             Summ           0%         N/A       100%        7


Dungeon Overview and Level Annotations

Branches:
Dungeon (11/15)            Temple (0/1) D:7            Lair (3/6) D:11
  Swamp: Lair:2-4    Shoals: Lair:2-4     Snake: Lair:2-4    Spider: Lair:2-4
    Orc: D:9-12

Altars:
Dithmenos
Elyvilon
Gozag
Hepliaklqana
Kikubaaqudgha
Qazlal
Sif Muna
Wu Jian

Shops:
D:4 (   D:7 *


Innate Abilities, Weirdness & Mutations

You are robust. (+10% HP)


Message History

You feel sick.
You climb downwards.
You feel sick.
The wyvern hisses menacingly.
The bullfrog barely misses you.
The bullfrog hits you but does no damage.
Found 51 gold pieces, a pair of runed gloves and a potion of curing.
Found an escape hatch in the floor.
There is a stone staircase leading up here.
You feel sick.
You are no longer poisoned.
The bullfrog closely misses you. The cane toad barely misses you.
You climb upwards.
There is a stone staircase leading down here.
You slash the komodo dragon!
The komodo dragon is heavily wounded.
You hit the fungus.
The fungus begins to die.
You drain the fungus. You hit the cane toad but do no damage.
You drain the cane toad. You hit the bullfrog. You drain the bullfrog.
The bullfrog barely misses you. The cane toad completely misses you.
You slash the komodo dragon! You drain the komodo dragon.
The komodo dragon is severely wounded.
You hit the fungus. You slash the cane toad! You drain the cane toad.
You slash the bullfrog!
The bullfrog hits you but does no damage.
The komodo dragon bites you.
* * * LOW HITPOINT WARNING * * *
Blink to where?
Press: ? - help, Dir - move target
As you read the scroll of blinking, it crumbles to dust.
The komodo dragon bites something!
You open the door.
The komodo dragon bites something!!
The cane toad stings you but does no damage.
You slash the cane toad! You drain the cane toad.
The cane toad is almost dead.
You block the cane toad's attack.
You closely miss the cane toad.
The cane toad is almost dead.
The cane toad stings you!
You die...
Kikubaaqudgha rasps: "You have failed me!
Welcome... death!"

#......# .......+
##...... ......
#.... .. ... .. #'#
.# ##.#### ##..
#.@FF.# ###.P.
######.#### #.....
#.###.+.#P##
##...l.
.......Fl.###......
##........#.##.l...
#.........+.....)..
##...........†.....
#........#.††.....
#.^......##P#.....


You could see a cane toad (very drained) and a bullfrog (drained).

Vanquished Creatures
  A catoblepas (D:8)
  3 cyclopes (D:8)
  Maggie (D:8)
  A cane toad (Lair:2)
  The ghost of kae the Firebug, a novice DgFE (D:5)
  2 trolls
  A hornet (D:8)
  A wyvern (D:8)
  2 wraiths
  13 yaks
  A steam dragon (D:8)
  Menkaure (D:4)
  2 acid dragons
  5 water moccasins
  An orc warrior (D:6)
  2 sky beasts
  2 black bears
  4 ogres
  A centaur (D:8)
  A kobold brigand (D:7)
  8 bullfrogs
  3 gnoll sergeants
  4 necrophages
  9 wights
  6 killer bees (D:8)
  4 howler monkeys (D:8)
  A hound (D:4)
  4 orc priests
  5 gnoll shamans
  2 centaur skeletons (D:5)
  4 iguanas
  3 orc wizards (D:8)
  A killer bee zombie (D:5)
  Robin (D:2)
  A howler monkey skeleton (D:5)
  29 gnolls
  6 adders
  A shadow imp (D:6)
  3 worms
  2 dart slugs
  10 orcs
  6 ball pythons
  6 bats
  5 endoplasms
  A giant cockroach (D:4)
  15 goblins
  8 hobgoblins
  15 jackals
  5 quokkas
  4 frilled lizards
  10 kobolds
  5 rats
  A plant (Lair:2)
234 creatures vanquished.

Vanquished Creatures (others)
  8 fungi
  3 plants
11 creatures vanquished.

Grand Total: 245 creatures vanquished

Notes
Turn   | Place    | Note
-------+----------+-------------------------------------------
     0 | D:1      | JohnPeeve the Hill Orc Fighter began the quest for the Orb.
     0 | D:1      | Reached XP level 1. HP: 19/19 MP: 1/1
   370 | D:1      | Reached XP level 2. HP: 27/27 MP: 2/2
  1219 | D:1      | Reached skill level 3 in Axes
  1715 | D:2      | Reached XP level 3. HP: 27/33 MP: 3/3
  2443 | D:2      | Noticed Robin
  2459 | D:2      | Killed Robin
  2465 | D:2      | Reached XP level 4. HP: 37/40 MP: 4/4
  2517 | D:2      | Reached skill level 4 in Axes
  2667 | D:2      | Found a faded altar of an unknown god.
  2676 | D:2      | Prayed at the altar of an unknown god.
  2676 | D:2      | Became a worshipper of Elyvilon the Healer
  2676 | D:2      | Reached * piety under Elyvilon
  2677 | D:2      | Fell from the grace of Elyvilon
  3541 | D:3      | Noticed an ogre
  3549 | D:3      | Killed an ogre
  3550 | D:3      | Reached skill level 5 in Axes
  3550 | D:3      | Reached XP level 5. HP: 36/47 MP: 5/5
  3868 | D:3      | Identified the +10 chain mail "Funuikh" {Rampage}
  4178 | D:3      | Noticed an ogre
  4189 | D:3      | Killed an ogre
  4190 | D:3      | Reached skill level 1 in Stealth
  4190 | D:3      | Reached XP level 6. HP: 42/53 MP: 6/6
  4468 | D:3      | Found a stormy altar of Qazlal.
  4472 | D:3      | Found a shadowy altar of Dithmenos.
  4574 | D:3      | Found an ornate altar of the Wu Jian Council.
  4575 | D:3      | Found a shimmering blue altar of Sif Muna.
  4727 | D:3      | Found an ancient bone altar of Kikubaaqudgha.
  4739 | D:3      | Became a worshipper of Kikubaaqudgha
  5388 | D:4      | Noticed Menkaure
  5396 | D:4      | Killed Menkaure
  5397 | D:4      | Was forgiven by Elyvilon
  5397 | D:4      | Reached skill level 6 in Axes
  5429 | D:4      | Reached skill level 5 in Fighting
  5429 | D:4      | Reached XP level 7. HP: 40/61 MP: 7/7
  5443 | D:4      | Reached skill level 7 in Axes
  5796 | D:4      | Reached skill level 5 in Armour
  6183 | D:5      | Entered Level 5 of the Dungeon
  6332 | D:4      | Found Woneud's Antique Weapon Boutique.
  6672 | D:5      | Reached skill level 8 in Axes
  7121 | D:5      | Found a transporter.
  7121 | D:5      | Noticed kae's ghost (novice DgFE)
  7129 | D:5      | Found a transporter.
  7151 | D:5      | Reached XP level 8. HP: 66/69 MP: 8/8
  7156 | D:5      | Killed kae's ghost
  7157 | D:5      | Reached skill level 9 in Axes
  7157 | D:5      | Reached skill level 1 in Dodging
  8091 | D:6      | Reached skill level 10 in Axes
  8099 | D:6      | Identified the ring "Etasar" {rC- Will+ rCorr Str+6 Slay+2}
  8223 | D:6      | Noticed a troll
  8231 | D:6      | Killed a troll
  8231 | D:6      | Reached * piety under Kikubaaqudgha
  8231 | D:6      | Received a gift from Kikubaaqudgha
  8232 | D:6      | Reached XP level 9. HP: 76/78 MP: 9/9
  8532 | D:6      | Reached skill level 11 in Axes
  9314 | D:7      | Got the Reference Book on Changing
  9338 | D:7      | Found Gozag's Platinum Reserve.
  9338 | D:7      | Found an opulent altar of Gozag.
  9411 | D:7      | Reached skill level 12 in Axes
  9863 | D:7      | Found a staircase to the Ecumenical Temple.
 10084 | D:7      | Found a hazy altar of Hepliaklqana.
 10233 | D:8      | Reached ** piety under Kikubaaqudgha
 10270 | D:8      | Reached XP level 10. HP: 34/88 MP: 10/10
 10271 | D:8      | Reached skill level 5 in Shields
 10632 | D:8      | Noticed Maggie
 10644 | D:8      | Killed Maggie
 10645 | D:8      | Reached skill level 13 in Axes
 10901 | D:8      | Noticed a cyclops
 10905 | D:8      | Killed a cyclops
 11589 | D:8      | Gained mutation: You are robust. (+10% HP) [potion of
                  | mutation]
 11784 | D:8      | Found the +5 robe of Misfortune {Harm *Corrode *Slow EV+5}
 11787 | D:8      | Reached skill level 14 in Axes
 11787 | D:8      | Noticed a catoblepas
 11819 | D:8      | Killed a catoblepas
 11820 | D:8      | Reached XP level 11. HP: 69/104 MP: 11/11
 11820 | D:8      | Noticed a cyclops
 11824 | D:8      | Noticed a cyclops
 11834 | D:8      | Killed a cyclops
 11835 | D:8      | Reached skill level 1 in Necromancy
 11841 | D:8      | Killed a cyclops
 12562 | D:9      | You fall into a shaft and drop 2 floors!
 12572 | D:11     | Found a staircase to the Lair.
 12583 | Lair:1   | Entered Level 1 of the Lair of Beasts
 12599 | Lair:1   | Reached skill level 15 in Axes
 12781 | Lair:3   | Noticed a six-headed hydra
 13187 | Lair:2   | Reached skill level 10 in Armour
 13308 | Lair:2   | Reached *** piety under Kikubaaqudgha
 13308 | Lair:2   | Received a gift from Kikubaaqudgha
 13346 | Lair:2   | HP: 5/106 [komodo dragon (5)]
 13351 | Lair:2   | Slain by a cane toad

Illustrated notes

Levels and vault maps discovered:
D:1:      amcnicky_arrival_feature_with_door, layout_basic, minivault_27
D:2:      layout_basic, shapermc_ecumenical_altar_acropolis, uniq_robin
D:3:      layout_loops_corners, marbit_many_paths,
          nicolae_overflow_hidden_temple, cheibrodos_sewer_entry_bend,
          kennysheep_generic_room_7
D:4:      layout_cave_pools, serial_shops, shop, uniq_menkaure
D:5:      layout_loops_ring, gammafunk_ghost_mausoleum, amcnicky_mini_pool_small
D:6:      layout_basic
D:7:      layout_cave_pools, mainiacjoe_overflow_six_doors_small,
          nicolae_gozag_zags_fifth_avenue, minmay_temple_entry_from_below_a
D:8:      minmay_the_grid_square_5x5_3x3 [minmay_the_grid_square_5x5_six_small,
          minmay_the_grid_square_5x5_percent,
          minmay_the_grid_square_5x5_inner_v, minmay_the_grid_square_5x5_inset,
          minmay_the_grid_square_5x5_megaprize_diamond,
          minmay_the_grid_square_5x5_spiral_small,
          minmay_the_grid_square_5x5_tri_point,
          minmay_the_grid_square_5x5_three,
          minmay_the_grid_square_5x5_checkered_sparse], layout_loops_ring,
          minmay_misc_feat_x, hangedman_abyss_or_decor_stagger, uniq_maggie
D:9:      layout_stronghold, minmay_puff
D:11:     gammafunk_cloud_chamber, layout_long_grid, lair_entry_dummy,
          enter_trove_3, uniq_psyche, uniq_maurice
Lair:1:   minmay_guarded_unrand_snakebite, layout_loops_ring,
          ebering_ghost_reflecting_pool, patterned_corridor,
          serial_bayou_shore_b
Lair:2:   layout_roguey, swamp_mist, nicolae_lair_lindhole, grunt_megastairs_4
Lair:3:   layout_roguey

Skill      XL: |  1  2  3  4  5  6  7  8  9 10 11 |
---------------+----------------------------------+-----
Axes           | 3 5 6 8 10 12 14 15 | 15.6
Fighting       | 4 5 6 7 8 9 |  9.6
Armour         | 4 5 6 7 9 10 | 10.4
Stealth        | 1 2 |  2.7
Shields        | 4 5 |  5.9
Dodging        | 1 2 |  2.1
Necromancy     | 1 |  1.1
Throwing       | |  0.2

Action                   |  1- 3 |  4- 6 |  7- 9 | 10-12 || total
-------------------------+-------+-------+-------+-------++-------
Melee: War axe           |    64 |   111 |   224 |   180 ||   579
       Dagger            |    21 |       |       |       ||    21
Throw: Stone             |       |     4 |       |       ||     4
Invok: Renounce Religion |       |     1 |       |       ||     1
       Receive Corpses   |       |       |       |     2 ||     2
Evoke: Box of beasts     |       |       |       |     1 ||     1
  Use: Scroll            |     2 |     8 |     9 |     6 ||    25
       Potion            |       |       |       |    10 ||    10
 Stab: Fleeing           |       |       |     1 |       ||     1
       Petrifying        |       |       |       |     1 ||     1
Armor: Scale mail        |    28 |       |       |       ||    28
       Chain mail        |    13 |    68 |   193 |   183 ||   457
Dodge: Dodged            |    44 |    48 |   118 |    88 ||   298
Block: Buckler           |    22 |    17 |    66 |    36 ||   141

Table legend: (Time is in decaauts)
 A = Elapsed time spent in this place.
 B = Non-inter-level travel time spent in this place.
 C = Inter-level travel time spent in this place.
 D = Time resting spent in this place.
 E = Time spent auto-exploring this place.
 F = Levels seen in this place.
 G = Mean time per level.
                   A        B        C        D        E       F      G
               +--------+--------+--------+--------+--------+-----+--------+
         Total |  13404 |  13404 |      0 |   4667 |    818 |  13 | 1031.1 |
       Dungeon |  12647 |  12647 |      0 |   4210 |    723 |  10 | 1264.7 |
          Lair |    756 |    756 |      0 |    457 |     95 |   3 |  252.0 |
               +--------+--------+--------+--------+--------+-----+--------+

Top non-repeatable levels by time:
     D:3: 2289 daAuts
     D:8: 2239 daAuts
     D:1: 1666 daAuts
     D:2: 1549 daAuts
     D:5: 1382 daAuts
     D:7: 1158 daAuts
     D:4: 1124 daAuts
     D:6: 1052 daAuts
  Lair:2: 569 daAuts
     D:9: 164 daAuts
  Lair:3: 144 daAuts
  Lair:1: 42 daAuts
    D:11: 20 daAuts
